 Dungeon Crawl Stone Soup version 0.27-a0-604-g29a88b33a7 (webtiles) character file.

Game seed: 5857750042329730044

6 robertstho the Conjurer (level 1, 0/11 HPs)
             Began as an Octopode Conjurer on Mar 12, 2021.
             Killed from afar by a dart slug (5 damage)
             ... with a slug dart
             ... on level 1 of the Dungeon.
             The game lasted 00:00:26 (103 turns).

robertstho the Conjurer (Octopode Conjurer)          Turns: 103, Time: 00:00:27

Health: 0/11       AC:  1    Str:  6    XL:     1   Next: 90%
Magic:  3/3        EV: 10    Int: 20    God:
Gold:   0          SH:  7    Dex: 10    Spells: 3/4 levels left

rFire    . . .     SeeInvis .   (no weapon)
rCold    . . .     Faith    .   a - +2 kite shield
rNeg     . . .     Spirit   .   (helmet restricted)
rPois    .         Reflect  .   (no amulet)
rElec    .         Harm     .   (no ring)
rCorr    .         Rampage  .   (no ring)
Will     .....                  (no ring)
Stlth    +++.......             (no ring)
HPRegen  0.03/turn              (no ring)
MPRegen  0.08/turn              (no ring)
                                (no ring)
                                (no ring)

@: no status effects
A: almost no armour, amphibious, 8 rings, camouflage 1, gelatinous body 1,
nimble swimmer 1, tentacles
a: no special abilities


You were on level 1 of the Dungeon.
You visited 1 branch of the dungeon, and saw 1 of its levels.

Inventory:

Armour
 a - a +2 kite shield (worn)


   Skills:
 + Level 2.0 Dodging
 * Level 2.8 Stealth
 + Level 2.0 Spellcasting
 + Level 4.2 Conjurations


You had 3 spell levels left.
You knew the following spells:

 Your Spells              Type           Power      Damage    Failure   Level
a - Magic Dart            Conj           76%        1d6       19%         1

Your spell library contained the following spells:

 Spells                   Type           Power      Damage    Failure   Level
 Searing Ray              Conj           38%        3d4       28%         2
 Dazzling Flash           Conj/Hex       20%        N/A       80%         3
 Fulminant Prism          Conj/Hex       5%         3d7       99%         4
 Iskenderun's Mystic Bla  Conj/Tloc      10%        2d4       99%         4


Dungeon Overview and Level Annotations

Branches:
Dungeon (1/15)

Altars:


Innate Abilities, Weirdness & Mutations

You cannot wear most types of armour.
You are amphibious.
You can wear up to eight rings at the same time.
Your skin changes colour to match your surroundings (Stealth+).
Your rubbery body absorbs attacks. (AC +1, EV +1)
You are stealthy while swimming. (Stealth+)
You have tentacles for arms and can constrict up to eight enemies at once.


Message History

The goblin is moderately wounded.
The goblin closely misses you.
You tentacle-slap the goblin. You grab the goblin. You squeeze the goblin.
You kill the goblin!
You see here a +2 kite shield.
You see here a +2 kite shield.
You start putting on your armour.
You continue putting on your +2 kite shield. x4
You finish putting on your +2 kite shield.
A dart slug comes into view.
A dart slug is nearby!
A dart slug is nearby!
A dart slug is nearby!
A dart slug is nearby!
A giant cockroach comes into view.
You block the giant cockroach's attack. You block the giant cockroach's attack.
The giant cockroach bites you.
You tentacle-slap the giant cockroach but do no damage.
You grab the giant cockroach.
You constrict the giant cockroach, but do no damage.
The giant cockroach completely misses you.
You tentacle-slap the dart slug. You grab the dart slug.
The dart slug is lightly wounded.
You constrict the giant cockroach, but do no damage.
You constrict the dart slug. You block the giant cockroach's attack.
You block the dart slug's attack. The giant cockroach bites you.
You tentacle-slap the giant cockroach but do no damage.
You squeeze the giant cockroach.
The giant cockroach is severely wounded.
You constrict the giant cockroach, but do no damage.
You constrict the dart slug. The giant cockroach barely misses you.
You block the dart slug's attack.
You tentacle-slap the dart slug but do no damage.
The dart slug is moderately wounded.
You constrict the giant cockroach, but do no damage.
You constrict the dart slug.
The giant cockroach bites you but does no damage. x2
The dart slug launches a dart at you. The slug dart hits you.
You die...

######.#
############.......
#.........##.##....
#.#####.#...†...#..
##....##...##.####..
#......######.####..
#.#....# #.......
#...w..# ########
###@B.## ## ##.##
##. .# #.. .# #.> .#
#.. ## #.# #.. #.#
#..


You could see a dart slug and a giant cockroach.

Vanquished Creatures
  A dart slug (D:1)
  A goblin (D:1)
  A hobgoblin (D:1)
  A frilled lizard (D:1)
4 creatures vanquished.

Notes
Turn   | Place    | Note
-------+----------+-------------------------------------------
     0 | D:1      | robertstho the Octopode Conjurer began the quest for the
                  | Orb.
     0 | D:1      | Reached XP level 1. HP: 11/11 MP: 3/3
   103 | D:1      | Killed from afar by a dart slug

Illustrated notes

Levels and vault maps discovered:
D:1:      lemuel_arrival_hallway, layout_loops_cross

Action                   || total
-------------------------++-------
Melee: Unarmed           ||    11
       Constrict         ||     4
       Tentacles         ||     3
 Cast: Magic Dart        ||     4
Armor: Skin              ||     3
Dodge: Dodged            ||     4
Block: Kite shield       ||     5

Table legend: (Time is in decaauts)
 A = Elapsed time spent in this place.
 B = Non-inter-level travel time spent in this place.
 C = Inter-level travel time spent in this place.
 D = Time resting spent in this place.
 E = Time spent auto-exploring this place.
 F = Levels seen in this place.
 G = Mean time per level.
                   A        B        C        D        E       F      G
               +--------+--------+--------+--------+--------+-----+--------+
         Total |    103 |    103 |      0 |      0 |     56 |   1 |  103.0 |
       Dungeon |    103 |    103 |      0 |      0 |     56 |   1 |  103.0 |
               +--------+--------+--------+--------+--------+-----+--------+

Top non-repeatable levels by time:
     D:1: 103 daAuts
